 Dungeon Crawl Stone Soup version 0.29.1-15-g9cfb28693d (webtiles) character file.

Game seed: 3137004869940269192

49 zeram the Shield-Bearer (level 3, -4/36 HPs)
             Began as a Troll Fighter on Apr 11, 2023.
             Splashed by a jelly's acid (11 damage)
             ... on level 3 of the Dungeon.
             The game lasted 00:02:18 (1311 turns).

zeram the Shield-Bearer (Troll Fighter)             Turns: 1311, Time: 00:02:19

Health: -4/36      AC: -12   Str: 24    XL:     3   Next: 53%
Magic:  2/2        EV:  8    Int:  6    God:
Gold:   61         SH:  7    Dex:  9    Spells: 2/2 levels left

rFire   . . .      SeeInvis .   a - +1 flail
rCold   . . .      Faith    .   c - +0 kite shield
rNeg    . . .      Spirit   .   b - +0 robe
rPois   .          Reflect  .   (helmet restricted)
rElec   .          Harm     .   (no cloak)
rCorr   .          Rampage  .   (gloves unavailable)
Will    +....                   (boots unavailable)
Stlth   +.........              (no amulet)
HPRegen 0.92/turn               l - ring of willpower
MPRegen 0.08/turn               (no ring)

@: corroded
A: large, unfitting armour, claws 3, regeneration 1, shaggy fur 1, tough skin 1
a: no special abilities


You were on level 3 of the Dungeon.
You visited 1 branch of the dungeon, and saw 3 of its levels.

You collected 61 gold pieces.

Inventory:

Hand Weapons
 a - a +1 flail (weapon)
Armour
 b - a +0 robe (worn)
 c - a +0 kite shield (worn)
 f - a +0 helmet
Jewellery
 l - a ring of willpower (left claw)
Scrolls
 e - 2 scrolls of enchant weapon
 i - a scroll of noise
Potions
 d - a potion of might
 g - 3 potions of curing
 k - a potion of flight


   Skills:
 + Level 2.9 Fighting
 + Level 2.4 Maces & Flails
 + Level 2.9 Dodging
 - Level 2.9 Shields


You had 2 spell levels left.
You didn't know any spells.
Your spell library contained the following spells:

 Spells                   Type           Power      Damage    Failure   Level
 Foxfire                  Conj/Fire      0%         2x1d4     77%         1
 Conjure Flame            Conj/Fire      0%         6-21      98%         3
 Inner Flame              Hex/Fire       0%         N/A       98%         3
 Flame Wave               Conj/Fire      0%         2d4       100%        4


Dungeon Overview and Level Annotations

Branches:
Dungeon (3/15)

Altars:


Innate Abilities, Weirdness & Mutations

You are too large for most types of armour.
You have claws for hands.
Your natural rate of healing is unusually fast.
You are covered in fur. (AC +1)
You have tough skin. (AC +1)


Message History

The jackal bites you. The jackal barely misses you.
You block the jackal's attack. The jelly hits you. The acid corrodes you!
You are splashed with acid!
The jackal bites you. x4; The jelly misses you.
You are too injured to fight recklessly!
You are too injured to fight recklessly!
You are too injured to fight recklessly!
You are too injured to fight recklessly!
You are too injured to fight recklessly!
You are too injured to fight recklessly!
You are too injured to fight recklessly!
You are too injured to fight recklessly!
You are too injured to fight recklessly!
You are too injured to fight recklessly!
You are too injured to fight recklessly!
You are too injured to fight recklessly!
You are too injured to fight recklessly!
You are too injured to fight recklessly!
You are too injured to fight recklessly!
Unknown command.
The jackal attacks as you move away! You block the jackal's attack.
The jackal attacks as you move away! The jackal bites you. The jelly hits you.
The acid corrodes you!
You are splashed with acid.
* * * LOW HITPOINT WARNING * * *
You block the jackal's attack. The jackal closely misses you.
The jackal attacks as you move away! You block the jackal's attack.
The jackal barely misses you. The jackal attacks as you move away!
You block the jackal's attack.
Okay, then.
You feel better. The jackal closely misses you. The jelly hits you.
The acid corrodes you!
You are splashed with acid!
* * * LOW HITPOINT WARNING * * *
The jackal closely misses you. The jackal bites you.
* * * LOW HITPOINT WARNING * * *
You hit the jackal but do no damage. You block the jackal's attack.
The jackal bites you.
* * * LOW HITPOINT WARNING * * *
You block the jackal's attack. The jelly hits you.
* * * LOW HITPOINT WARNING * * *
The acid corrodes you!
You are splashed with acid!
You die...

.. ## ##. .## #..
#..##..
###.###.##..#####.
......<...........
#.!.........#####.
#......h..........
#..>..hhJ....#####
#......@h..###
############


You could see a jelly and 4 jackals.

Vanquished Creatures
  An adder (D:2)
  An orc (D:2)
  5 bats
  3 endoplasms
  5 goblins
  3 hobgoblins
  2 quokkas (D:1)
  4 ball pythons
  2 frilled lizards
  7 kobolds
  3 rats (D:1)
36 creatures vanquished.

Notes
Turn   | Place    | Note
-------+----------+-------------------------------------------
     0 | D:1      | zeram the Troll Fighter began the quest for the Orb.
     0 | D:1      | Reached XP level 1. HP: 22/22 MP: 0/0
   280 | D:1      | Reached XP level 2. HP: 25/29 MP: 1/1
   442 | D:1      | Found a faded altar of an unknown god.
   977 | D:2      | Reached XP level 3. HP: 22/36 MP: 2/2
  1311 | D:3      | Splashed by a jelly's acid

Illustrated notes

Levels and vault maps discovered:
D:1:      dpeg_arrival_oval, layout_basic, hellmonk_ecumenical_altar_zigzags
D:2:      layout_basic
D:3:      kb_forest_paths, layout_rooms, serial_shops, shop,
          ebering_ghost_reflecting_pool, minmay_misc_feat_rows,
          kennysheep_small_spiral, minmay_goblin_outpost

Skill      XL: |  1  2 |
---------------+-------+-----
Maces & Flails | 2 |  2.4
Fighting       | |  2.9
Dodging        | |  2.9
Shields        | |  2.9

Action                   || total
-------------------------++-------
Melee: Flail             ||   105
  Use: Scroll            ||     8
       Potion            ||     1
Armor: Robe              ||    55
Dodge: Dodged            ||    53
Block: Kite shield       ||    45
